 Dungeon Crawl Stone Soup version 0.31-a0-1127-ge7b2bbabab (webtiles) character file.

Game seed: 2511477739101123285

16997 belnormal the Cleaver (level 12, -1/108 HPs)
             Began as a Minotaur Berserker on Jan 12, 2023.
             Was an Elder of Trog.
             Slain by a vault guard
             ... wielding a +2 war axe of electrocution
              (11 damage)
             ... on level 13 of the Dungeon on Dec 5, 2023.
             The game lasted 01:25:09 (13445 turns).

belnormal the Cleaver (Minotaur Berserker)         Turns: 13445, Time: 01:25:10

Health: -1/108     AC: 20    Str: 27    XL:     12   Next: 15%
Magic:  11/11      EV: 13    Int:  4    God:    Trog [****..]
Gold:   682        SH: 10    Dex: 10    Spells: 11/11 levels left

rFire   . . .        a - +2 trident (vamp)
rCold   . . .        f - +0 kite shield
rNeg    . . .        d - +0 plate armour
rPois   +            (helmet restricted)
rElec   .            Z - +2 cloak {Will+}
rCorr   .            h - +1 pair of gloves
SInv    .            (no boots)
Will    +....        F - amulet of magic regeneration Stlth
                     P - ring of poison resistance
HPRegen 0.38/turn    B - +5 ring of evasion
MPRegen 0.52/turn

%: no passive effects
@: on berserk cooldown, slowed, very slow
A: horns 2, retaliatory headbutt
a: Renounce Religion, Berserk, Trog's Hand, Brothers in Arms


You were on level 13 of the Dungeon.
You worshipped Trog.
Trog was greatly pleased with you.
You visited 2 branches of the dungeon, and saw 14 of its levels.
You also visited: Bailey.

You collected 682 gold pieces.


Innate Abilities, Weirdness & Mutations

You have a pair of horns on your head.
You reflexively headbutt those who attack you in melee.


   Skills:
 + Level 10.7 Fighting
 - Level 13.8(14.1) Axes
 * Level 4.2(9.9) Polearms
 + Level 9.0 Ranged Weapons
 + Level 10.4 Armour
 + Level 4.1 Dodging
 + Level 8.0 Shields


You had 11 spell levels left.
You didn't know any spells.
Your spell library was empty.

Inventory:

Hand Weapons
 a - a +2 vampiric trident (weapon)
 b - a +0 sling
 r - a +0 shortbow
 s - a +2 whip of electrocution
 w - a +0 battleaxe
 G - a +0 longbow
 L - a +0 arbalest
 O - a +0 hand axe of electrocution
 S - a +2 antimagic short sword
 V - a +0 broad axe
 Y - the +7 rapier of Vejexuq {heavy, Fragile rPois Stlth+} rPois: It protects you from poison Fragile: It will be destroyed if unequipped. Stlth+: It makes you more stealthy.
Missiles
 y - 33 poisoned darts (quivered)
 z - 10 atropa-tipped darts
 A - 4 datura-tipped darts
 J - 4 curare-tipped darts {=f}
 T - 3 throwing nets {=f}
 X - 15 boomerangs
Armour
 d - a +0 plate armour (worn)
 e - a +1 leather armour of cold resistance
 f - a +0 kite shield (worn)
 h - a +1 pair of gloves (worn)
 n - a +0 troll leather armour
 p - a +0 chain mail
 u - a +0 tower shield
 U - a +0 buckler
 Z - a +2 cloak of willpower (worn)
Jewellery
 j - a ring of magical power
 B - a +5 ring of evasion (right hand)
 F - an amulet of magic regeneration (around neck)
 I - a ring of ice
 P - a ring of poison resistance (left hand)
Wands
 W - a wand of flame (8)
Scrolls
 i - a scroll of poison {!r}
 l - a scroll of blinking
 H - a scroll of vulnerability {!r}
 M - a scroll of fog {unknown}
 Q - a scroll of revelation
 R - a scroll of enchant weapon {unknown}
Potions
 c - 4 potions of curing {@q1}
 g - a potion of resistance
 k - 3 potions of magic {unknown}
 m - 5 potions of enlightenment
 o - 2 potions of lignification {!q}
 q - 2 potions of haste {@q3}
 t - 4 potions of might {unknown}
 D - 2 potions of mutation {unknown}
 E - 2 potions of attraction {unknown}
 K - a potion of cancellation {unknown}
 N - a potion of experience {unknown}

Dungeon Overview and Level Annotations

Branches:
Dungeon (13/15)            Temple (0/1) D:5            Lair (1/5) D:9
    Orc (0/2) D:10         Bailey (visited)
 Vaults: D:13-14

Altars:
Cheibriados
Elyvilon
Hepliaklqana

Shops:
D:1 ?!   D:10 *

Annotations:
D:7 exclusions: 5 centaurs and 2 more exclusions
D:11 Grum
D:12 Psyche

###### #.....
###..... #########
#.'.?...
#@......###.#.....
#p#####.#<..#.....
#°°)§)#.'.###>....
#°###.#.### #.....
#.#...#.# #.....
#.#.#.#.# #.....
#..#...#.# ######
#..###'#### #p#
###


You could see a vault guard (poisoned).


Message History

Unknown command.
Unknown command.
Unknown command.
Unknown command.
The vault guard hits you with a +2 war axe of electrocution.
* * * LOW HITPOINT WARNING * * *
The vault guard misses you.
Unknown command.
Unknown command.
Unknown command.
Unknown command.
The vault guard hits you with a +2 war axe of electrocution!
* * * LOW HITPOINT WARNING * * *
You are electrocuted!
* * * LOW HITPOINT WARNING * * *
Unknown command.
Unknown command.
Press: ? - help, v - describe, . - travel
Here: a vault guard, wielding a +2 war axe of electrocution, wearing a +0 chain mail and wearing a +0 tower shield (moderately wounded, poisoned)
The floor.
Unknown command.
Unknown command.
You feel less invigorated.
The vault guard hits you with a +2 war axe of electrocution.
* * * LOW HITPOINT WARNING * * *
You are electrocuted!
* * * LOW HITPOINT WARNING * * *
The vault guard hits you but does no damage.
You are electrocuted!
You die...

Action                     |  1- 3 |  4- 6 |  7- 9 | 10-12 || total
---------------------------+-------+-------+-------+-------++-------
  Melee: Hand axe          |   117 |    54 |    32 |       ||   203
         Headbutt          |    14 |     4 |    49 |    78 ||   145
         Punch             |     1 |       |       |       ||     1
         War axe           |       |       |   115 |       ||   115
         Whip              |       |       |     6 |       ||     6
         Broad axe         |       |       |   110 |   328 ||   438
         Trident           |       |       |       |   142 ||   142
   Fire: Shortbow          |     5 |    10 |       |       ||    15
         Sling             |       |     3 |     4 |    15 ||    22
  Throw: Dart              |       |       |    18 |     2 ||    20
 Invoke: Berserk           |       |     2 |     5 |     9 ||    16
         Trog's Hand       |       |       |       |     4 ||     4
         Brothers in Arms  |       |       |       |     3 ||     3
    Use: Scroll            |       |     9 |     8 |    11 ||    28
         Potion            |       |       |     3 |     3 ||     6
 Armour: Animal skin       |     3 |       |       |       ||     3
         Plate armour      |    45 |    29 |   131 |   274 ||   479
  Dodge: Dodged            |    38 |     7 |    89 |   180 ||   314
  Block: Tower shield      |       |    21 |    70 |       ||    91
         Kite shield       |       |       |    48 |   194 ||   242

Levels and vault maps discovered:
D:1:      scummos_arrival_forest, layout_rooms, serial_shops,
          nicolae_shop_statue_plus, nicolae_square_shop, reono_crystal_passage
D:2:      layout_basic, basic_altar
D:3:      layout_basic, serial_bayou_ford_a
D:4:      layout_rooms, serial_curves, eino_curves_04, eino_curves_01,
          eino_curves_01
D:5:      layout_basic, minmay_temple_entry_nine_rooms, uniq_pikel
D:6:      layout_rooms, sword_in_stone
D:7:      layout_basic, kennysheep_slug_shrine, serial_rivers,
          chequers_serial_rivers_micro_b, chequers_serial_rivers_small_b,
          chequers_serial_rivers_room_b, chequers_serial_rivers_room_b,
          kennysheep_decorative_pillar, centaur_isle
D:8:      layout_loops_cross
D:9:      layout_basic, lair_entry_dummy, st_stairs_9, nicolae_wwwww,
          lightli_fourway_metalbox
D:10:     cheibrodos_iron_armory, layout_basic, david_orc_1_choice,
          enter_bailey_3, nicolae_shop_fire_sale [nicolae_sub_dead_trees],
          uniq_nergalle, uniq_erolcha
D:11:     layout_rooms, uniq_grum
D:12:     layout_gridville, minivault_23, nicolae_hepliaklqana_hippocampus,
          uniq_psyche, uniq_snorg
D:13:     layout_roguey, erik_vaults_2
Lair:1:   layout_chaotic_city, nzn_ghost_randoct, beast_lair_carwin_11,
          lemuel_fruit_tree, uniq_urug

Notes
Turn   | Place    | Note
-------+----------+-------------------------------------------
     0 | D:1      | belnormal the Minotaur Berserker began the quest for the
                  | Orb.
     0 | D:1      | Reached XP level 1. HP: 19/19 MP: 0/0
    88 | D:1      | Reached skill level 4 in Axes
    88 | D:1      | Reached XP level 2. HP: 23/27 MP: 1/1
   174 | D:1      | Found Dawe Gua's Magic Scroll Emporium.
   309 | D:1      | Reached skill level 4 in Fighting
   348 | D:1      | Reached skill level 3 in Armour
   395 | D:1      | Reached ** piety under Trog
   411 | D:1      | Found Abe Qeo's Distillery.
   422 | D:1      | Reached XP level 3. HP: 29/33 MP: 2/2
  1394 | D:2      | Found a white marble altar of Elyvilon.
  1837 | D:2      | Reached XP level 4. HP: 38/41 MP: 3/3
  2403 | D:3      | Reached skill level 5 in Axes
  2498 | D:3      | Upgraded the game from 0.30-a0-627-gc11e7ae810 to
                  | 0.30-a0-715-gdb4ae3ece1
  3044 | D:4      | Noticed an ogre
  3113 | D:4      | Killed an ogre
  3114 | D:4      | Reached skill level 1 in Ranged Weapons
  3114 | D:4      | Reached XP level 5. HP: 39/47 MP: 4/4
  3641 | D:5      | Entered Level 5 of the Dungeon
  3667 | D:5      | Reached skill level 4 in Armour
  3798 | D:5      | Noticed Pikel
  3798 | D:5      | Noticed a lemure
  3798 | D:5      | Noticed a lemure
  3798 | D:5      | Noticed a lemure
  3798 | D:5      | Noticed a lemure
  3813 | D:5      | Killed Pikel
  3814 | D:5      | Reached skill level 5 in Fighting
  3814 | D:5      | Reached skill level 7 in Axes
  3814 | D:5      | Reached skill level 3 in Ranged Weapons
  3814 | D:5      | Reached skill level 2 in Shields
  3814 | D:5      | Reached XP level 6. HP: 39/56 MP: 5/5
  3814 | D:5      | Reached XP level 7. HP: 42/61 MP: 6/6
  3994 | D:5      | Found a staircase to the Ecumenical Temple.
  4264 | D:5      | Reached skill level 5 in Armour
  4446 | D:5      | Reached skill level 3 in Shields
  4572 | D:5      | Reached skill level 6 in Fighting
  4572 | D:5      | Reached XP level 8. HP: 51/70 MP: 7/7
  4775 | D:6      | Reached skill level 8 in Axes
  4819 | D:6      | Reached skill level 4 in Ranged Weapons
  4915 | D:6      | Reached *** piety under Trog
  5018 | D:5      | Reached skill level 4 in Shields
  5094 | D:6      | Reached skill level 6 in Armour
  5316 | D:6      | Noticed Eustachio
  5361 | D:5      | Reached skill level 9 in Axes
  5410 | D:6      | Noticed a manticore
  5569 | D:6      | Killed a manticore
  5570 | D:6      | Reached skill level 7 in Fighting
  5570 | D:6      | Reached skill level 5 in Ranged Weapons
  5570 | D:6      | Reached XP level 9. HP: 32/79 MP: 8/8
  5811 | D:6      | Noticed Blork the orc
  5833 | D:6      | Killed Blork the orc
  5834 | D:6      | Reached skill level 10 in Axes
  5931 | D:6      | Reached skill level 7 in Armour
  5959 | D:6      | Killed Eustachio
  6534 | D:7      | Found a snail-covered altar of Cheibriados.
  6927 | D:7      | Reached skill level 8 in Fighting
  6927 | D:7      | Reached skill level 6 in Ranged Weapons
  7478 | D:7      | Upgraded the game from 0.30-a0-715-gdb4ae3ece1 to
                  | 0.30-a0-1050-g2766ea1e55
  7939 | D:8      | Reached skill level 11 in Axes
  8125 | D:8      | Identified a potion of resistance
  8241 | D:8      | Reached XP level 10. HP: 75/89 MP: 9/9
  8429 | D:8      | Reached **** piety under Trog
  8648 | D:9      | Reached skill level 8 in Armour
  8661 | D:9      | Reached skill level 5 in Shields
  9111 | D:9      | Reached skill level 12 in Axes
  9111 | D:9      | Reached skill level 7 in Ranged Weapons
  9226 | D:9      | Noticed a deep elf pyromancer
  9390 | D:9      | Reached skill level 9 in Fighting
  9583 | D:9      | Found a staircase to the Lair.
  9669 | D:9      | Reached ***** piety under Trog
  9821 | D:9      | Killed a deep elf pyromancer
  9928 | Lair:1   | Entered Level 1 of the Lair of Beasts
  9963 | D:10     | Entered Level 10 of the Dungeon
  9972 | D:10     | Reached skill level 6 in Shields
  9986 | D:10     | Found a flagged portal.
  9999 | Bailey   | Entered a bailey
 10040 | Bailey   | Reached skill level 9 in Armour
 10138 | Bailey   | Identified the +7 rapier of Vejexuq {heavy, Fragile rPois
                  | Stlth+}
 10216 | Bailey   | Found a bloodstained altar of Trog.
 10280 | D:10     | Noticed Nergalle
 10304 | D:10     | Killed Nergalle
 10305 | D:10     | Reached XP level 11. HP: 75/90 MP: 10/10
 10469 | D:10     | Found a staircase to the Orcish Mines.
 10490 | D:10     | Reached skill level 13 in Axes
 10812 | D:10     | Noticed a centaur warrior
 10818 | D:10     | Killed a centaur warrior
 10819 | D:10     | Reached skill level 8 in Ranged Weapons
 10889 | D:10     | Found Jaecoergh's Fire Supplies.
 11133 | D:10     | Noticed Erolcha
 11150 | D:10     | Killed Erolcha
 11168 | D:10     | Upgraded the game from 0.30-a0-1050-g2766ea1e55 to
                  | 0.31-a0-1127-ge7b2bbabab
 11269 | D:10     | Reached skill level 7 in Shields
 11667 | D:11     | Reached skill level 10 in Fighting
 11718 | D:11     | Noticed Grum
 11763 | D:12     | Noticed a boulder beetle
 11784 | D:12     | Killed a boulder beetle
 11914 | D:12     | Noticed Snorg
 11929 | D:12     | Killed Snorg
 11990 | D:12     | Reached skill level 3 in Dodging
 12063 | D:12     | Reached skill level 1 in Polearms
 12140 | D:12     | Noticed Psyche
 12475 | D:12     | Reached skill level 10 in Armour
 12766 | D:12     | Found a hazy altar of Hepliaklqana.
 12866 | D:12     | Reached skill level 2 in Polearms
 13006 | D:11     | Noticed a green ugly thing
 13181 | D:13     | Noticed a vault guard
 13181 | D:13     | Noticed a vault guard
 13182 | D:13     | Noticed a vault guard
 13217 | D:13     | Killed a vault guard
 13218 | D:13     | Reached skill level 3 in Polearms
 13227 | D:13     | Killed a vault guard
 13228 | D:13     | Reached XP level 12. HP: 70/107 MP: 11/11
 13233 | D:13     | Killed a vault guard
 13234 | D:13     | Reached skill level 4 in Dodging
 13404 | D:13     | Noticed a vault guard
 13404 | D:13     | Noticed a vault guard
 13430 | D:13     | Killed a vault guard
 13431 | D:13     | Reached skill level 4 in Polearms
 13431 | D:13     | Reached skill level 9 in Ranged Weapons
 13431 | D:13     | Reached skill level 8 in Shields
 13444 | D:13     | HP: 8/108 [vault guard/+2 war axe of electrocution (16)]
 13445 | D:13     | Slain by a vault guard

Vanquished Creatures
  Snorg (D:12)
  4 vault guards (D:13)
  Erolcha (D:10)
  A centaur warrior (D:10)
  A boulder beetle (D:12)
  Nergalle (D:10)
  Pikel (D:5)
  A deep elf pyromancer (D:9)
  A manticore (D:6)
  A gargoyle (D:12)
  An unseen horror (D:10)
  A komodo dragon (D:12)
  3 trolls
  A shadow (D:10)
  A wyvern (D:9)
  A basilisk (D:12)
  6 yaks (D:9)
  A wraith (D:12)
  3 vampire mosquitoes
  A steam dragon (D:8)
  Eustachio (D:6)
  4 acid dragons
  2 wargs (D:10)
  2 water moccasins
  3 ice beasts
  11 orc warriors
  3 black bears
  2 ogres
  4 centaurs (D:11)
  2 wolves
  6 kobold brigands
  Blork the orc (D:6)
  4 gnoll sergeants
  2 necrophages
  2 bullfrogs
  A scorpion (D:5)
  12 wights
  8 killer bees (D:9)
  7 howler monkeys
  2 hounds
  7 orc priests
  4 iguanas
  16 orc wizards
  3 adders
  13 gnolls
  A shadow imp (D:6)
  A white imp (D:5)
  2 ufetubi
  2 worms
  5 dart slugs
  27 orcs
  10 ball pythons
  4 bats
  3 endoplasms
  3 giant cockroaches
  8 goblins
  9 hobgoblins
  16 kobolds
  5 quokkas
  7 frilled lizards
  5 rats
262 creatures vanquished.

Vanquished Creatures (collateral kills)
  A vampire mosquito (D:11)
  A wolf (D:11)
  A kobold brigand (D:11)
  2 howler monkeys (D:12)
5 creatures vanquished.

Vanquished Creatures (others)
  A steam dragon (D:9)
  An orc (D:9)
2 creatures vanquished.

Grand Total: 269 creatures vanquished
